Map: 16-Bit LE

Players

Jason

  • Race: Terran Terran
  • League: Grandmaster
  • Spawn Location: 1:00

Rob - Winner!

  • Race: Protoss Protoss
  • League: Grandmaster
  • Spawn Location: 7:00

VOD

Have the link to the VOD?

Description

Time

  • Played on: May 14, 2019, 10:35 a.m.
  • Length: 26:24
Show
View Real Time Build Order
Export as new Build Order

Jason Terran 

Build Orders: Gas First Reaper Expand 

Get SALT Encoding   

  12  0:01  SCV  
  13  0:13  SCV  
  14  0:18  Supply Depot  
  14  0:25  SCV  
  15  0:31  Refinery  
  15  0:39  SCV  
  16  0:45  Barracks  
  16  0:52  SCV  
  17  1:04  SCV  
  18  1:16  SCV  
  19  1:33  Reaper, Orbital Command  
  20  1:51  Command Center  
  20  1:59  SCV  
  21  2:04  Factory  
  21  2:08  Barracks Reactor  
  21  2:13  SCV  
  22  2:18  Supply Depot  
  22  2:25  SCV  
  22  2:29  Refinery  
  23  2:39  SCV  
  24  2:52  SCV, Starport  
  24  2:57  Hellion x2  
  29  3:00  Barracks Tech Lab  
  29  3:04  SCV  
  30  3:12  Orbital Command  
  30  3:16  SCV  
  31  3:28  SCV, Cyclone, Marine x2  
  37  3:35  Viking  
  37  3:38  SCV  
  37  3:40  SCV  
  41  3:50  Marine x2  
  41  3:51  SCV  
  41  3:52  SCV  
  41  4:03  SCV  
  41  4:04  SCV  
  44  4:12  Siege Tank, Supply Depot  
  44  4:15  SCV  
  46  4:17  Supply Depot  
  46  4:19  SCV  
  46  4:34  SCV, Command Center  
  46  4:38  Viking  
  49  4:41  SCV  
  49  4:43  Marine  
  49  4:44  Marine  
  52  4:46  SCV  
  52  4:50  Supply Depot  
  53  4:53  Siege Tank  
  53  4:57  SCV  
  53  4:58  SCV  
  58  5:05  Marine x2  
  60  5:08  Starport Tech Lab  
  60  5:10  SCV  
  60  5:11  SCV  
  62  5:18  Barracks x2  
  62  5:23  SCV, Refinery  
  62  5:24  SCV, Engineering Bay  
  64  5:31  Stimpack, Marine  
  64  5:35  SCV, Factory Reactor  
  66  5:36  Supply Depot  
  66  5:37  Raven  
  66  5:39  SCV  
  69  5:45  SCV  
  69  5:47  SCV  
  69  5:51  SCV  
  70  5:59  Orbital Command  
  70  6:00  Barracks  
  70  6:01  Barracks  
  70  6:05  Refinery  
  70  6:07  SCV  
  70  6:09  Marauder  
  70  6:10  SCV  
  74  6:18  Orbital Command  
  74  6:19  SCV  
  74  6:23  SCV  
  76  6:27  Widow Mine  
  76  6:28  Widow Mine  
  76  6:30  Starport Reactor  
  76  6:31  SCV  
  76  6:32  Supply Depot  
  81  6:33  Supply Depot  
  81  6:35  SCV, Marine  
  81  6:36  Marauder, Marine  
  86  6:40  Barracks Tech Lab  
  86  6:43  SCV  
  86  6:45  SCV  
  88  6:47  SCV, Missile Turret  
  88  6:48  Barracks Tech Lab x2  
  88  6:53  Missile Turret  
  89  6:57  SCV, Supply Depot  
  89  6:58  Supply Depot  
  89  6:59  Marauder  
  91  7:05  SCV  
  91  7:06  Marauder, Marine  
  94  7:10  SCV, Marine  
  94  7:11  Marauder  
  94  7:12  Marauder  
  94  7:14  Medivac x2  
  104  7:16  SCV  
  104  7:18  SCV  
  104  7:21  Widow Mine x2  
  110  7:23  Supply Depot  
  110  7:25  Marine  
  110  7:27  Combat Shield  
  110  7:28  Concussive Shells  
  111  7:30  SCV x2  
  111  7:31  SCV  
  111  7:36  Refinery  
  114  7:37  Refinery  
  114  7:38  Marine  
  114  7:39  Marauder  
  114  7:42  SCV  
  114  7:43  SCV, Supply Depot  
  119  7:44  Sensor Tower  
  119  7:47  SCV  
  119  7:48  Marine  
  119  7:51  Marauder x2  
  125  7:58  SCV x2  
  125  7:59  Marine x2  
  125  8:00  Marine  
  125  8:02  SCV  
  125  8:04  Terran Infantry Armor Level 1  
  129  8:06  Engineering Bay  
  129  8:11  Armory  
  129  8:12  Ghost Academy  
  129  8:13  SCV  
  129  8:15  Marine  
  129  8:16  Marauder  
  134  8:20  SCV, Marine  
  134  8:21  Marauder  
  134  8:22  SCV  
  134  8:23  Supply Depot  
  134  8:26  Supply Depot  
  136  8:28  SCV  
  136  8:31  Marine x2  
  136  8:32  SCV  
  140  8:37  Terran Infantry Weapons Level 1, Marine  
  141  8:45  Marauder x2, Starport  
  146  8:48  Medivac x2  
  146  8:52  Supply Depot  
  146  8:53  Supply Depot  
  146  8:59  Marine  
  146  9:00  Marauder x2  
  146  9:02  Terran Ship Weapons Level 1  
  151  9:09  Ghost  
  155  9:18  Command Center  
  155  9:22  Viking  
  155  9:23  Viking  
  156  9:24  Viking x2  
  160  9:32  Ghost x2  
  160  9:33  Ghost  
  160  9:36  Personal Cloaking  
  166  9:42  Ghost  
  167  9:56  Viking  
  167  9:57  Viking  
  171  10:00  Ghost  
  173  10:09  Viking, Ghost, Supply Depot  
  173  10:11  Viking  
  179  10:17  Marine  
  179  10:18  Marauder, Marine x2  
  184  10:26  Viking, Terran Infantry Armor Level 2  
  186  10:30  Marauder  
  186  10:35  Marine  
  188  10:39  Viking x2  
  193  10:48  Refinery  
  193  10:49  Refinery  
  193  10:51  Terran Infantry Weapons Level 2  
  193  10:52  Sensor Tower  
  193  10:53  Marine x2  
  193  10:54  Marauder  
  197  11:01  Missile Turret  
  197  11:04  Barracks  
  197  11:05  Barracks  
  197  11:06  Barracks  
  197  11:10  Viking  
  198  11:23  SCV  
  198  11:24  SCV x2  
  186  11:30  Viking x3  
  188  11:35  Starport  
  188  11:36  SCV x3  
  188  11:37  Planetary Fortress  
  189  11:40  Viking  
  191  11:48  SCV x2  
  191  11:49  SCV  
  194  11:57  Marine x2  
  194  11:58  Marine  
  194  11:59  Terran Ship Weapons Level 2, Viking  
  194  12:00  SCV  
  194  12:34  Marauder x2, Marine x3  
  194  12:35  Marauder, Marine x3  
  157  12:38  Viking  
  157  12:39  Viking x4  
  131  12:51  Marine x2  
  131  12:52  Marine x3  
  131  12:53  Marauder  
  131  12:56  Marauder x2, Marine  
  131  12:57  SCV x2  
  139  13:08  Viking  
  139  13:09  Viking, Marine x2  
  145  13:13  Marine  
  145  13:14  Marauder, Ghost, Marine x2  
  145  13:16  Ghost  
  145  13:17  Marauder, Starport Tech Lab  
  156  13:27  Marine x2  
  156  13:32  Liberator x2  
  160  13:35  Liberator  
  160  13:36  Marauder  
  160  13:37  Missile Turret  
  160  13:38  Missile Turret, Ghost  
  160  13:39  Missile Turret, Barracks Tech Lab  
  164  13:42  Marine, Barracks Tech Lab x2  
  164  13:45  Ghost, Marine  
  164  13:46  Marine  
  176  13:56  Ghost  
  176  13:59  Marine  
  176  14:00  Marine  
  180  14:03  Marine x2  
  180  14:04  Marauder  
  180  14:05  Fusion Core  
  184  14:10  Marine  
  184  14:11  Marauder  
  184  14:14  Marine  
  188  14:17  Marauder  
  188  14:18  Marine  
  188  14:20  Marine  
  188  14:21  Marine  
  193  14:25  Marauder, Command Center, Marine  
  193  14:28  Marine  
  197  14:32  Marauder, Marine  
  195  14:49  Marine  
  185  14:59  Advanced Ballistics  
  185  15:02  Terran Infantry Weapons Level 3  
  185  15:03  Terran Infantry Armor Level 3  
  185  15:11  Liberator x4, Terran Ship Weapons Level 3  
  185  15:18  Liberator  
  185  15:27  Marine x3  
  185  15:28  Marauder  
  198  15:37  Marine  
  199  15:52  Missile Turret  
  199  15:54  Sensor Tower  
  198  15:59  Starport  
  198  16:00  Starport  
  198  16:01  Command Center  
  198  16:10  Marine x2  
  200  16:17  Command Center  
  163  16:41  Viking x6  
  163  16:45  Viking  
  121  16:57  Marine x2  
  121  16:58  Marauder  
  115  17:02  Marauder, Marine x2  
  115  17:03  Marine x2  
  115  17:04  Marauder  
  116  17:09  Planetary Fortress  
  116  17:11  Viking x3  
  116  17:15  Marine x2  
  121  17:18  Viking x2  
  121  17:19  Viking  
  121  17:22  Viking  
  129  17:28  Marine  
  130  17:30  Marine x2  
  130  17:31  Marauder  
  130  17:35  Marine x2  
  130  17:36  Marauder  
  138  17:41  Viking  
  138  17:42  Neosteel Armor  
  140  17:44  Medivac x2  
  140  17:46  Ghost x2  
  140  17:49  Ghost  
  150  17:52  Ghost  
  150  17:56  Ghost  
  154  18:00  Marine x3  
  154  18:01  Marauder  
  159  18:06  Refinery  
  159  18:07  Refinery  
  159  18:11  Planetary Fortress  
  158  18:15  Marauder, Refinery  
  158  18:16  Refinery  
  158  18:18  Missile Turret  
  158  18:19  Viking  
  162  18:20  Sensor Tower  
  162  18:26  Ghost  
  164  18:27  Marine x2  
  164  18:28  Marine  
  164  18:29  Marine x2  
  168  18:37  Viking x2, Marine  
  168  18:38  Marauder, Marine  
  176  18:45  Marine  
  172  18:50  Marine x2  
  174  19:01  Marine  
  171  19:14  Marine x2  
  171  19:15  Marauder  
  175  19:21  Marauder, Marine x2  
  160  19:25  Liberator x4  
  160  19:26  Liberator, Marine x2  
  160  19:27  Marauder  
  121  19:32  Marine x2  
  121  19:36  Marine  
  103  19:39  Marauder, Marine  
  103  19:43  Marauder  
  103  19:44  Marine x2  
  123  19:48  Marauder  
  123  19:50  Viking, Marine x2  
  129  19:53  Widow Mine  
  129  19:54  Marine  
  129  19:56  Marine  
  133  20:00  Marauder  
  133  20:02  Marine x2  
  133  20:04  Marauder  
  139  20:08  Marine x2  
  139  20:09  Marine  
  139  20:11  Marine  
  139  20:15  Marauder  
  139  20:19  Marine x2  
  124  20:22  Marauder  
  126  20:31  Viking  
  128  20:39  Sensor Tower, Marine  
  129  20:43  Viking  
  129  20:44  Marine x3  
  129  20:46  Marine  
  133  20:53  Marauder, Marine x2  
  133  20:56  Viking x2  
  133  20:57  Marine x2  
  140  21:02  Marauder, Marine  
  143  21:05  Viking  
  143  21:09  Viking x2  
  149  21:13  Viking x2  
  149  21:14  Marine  
  149  21:17  Marine x2  
  149  21:18  Marauder  
  157  21:20  Marine  
  157  21:21  Marauder, Marine  
  157  21:22  Marine  
  160  21:28  Marine  
  160  21:32  Marauder  
  160  21:35  Marine x2  
  160  21:38  Marine  
  160  21:39  Marauder, Marine  
  159  21:41  Viking x2  
  162  21:52  Viking  
  164  21:56  Orbital Command  
  164  21:59  SCV  
  165  22:03  Sensor Tower  
  165  22:04  Marine  
  165  22:07  SCV  
  165  22:08  SCV  
  168  22:18  Viking  
  168  22:19  SCV  
  168  22:21  SCV  
  172  22:29  Ghost  
  171  22:30  Marine  
  165  22:41  Ghost  
  165  22:43  Ghost  
  151  22:44  SCV  
  152  22:51  SCV  
  152  22:52  SCV  
  152  22:54  SCV  
  155  22:59  SCV  
  156  23:12  SCV x2  
  156  23:25  Refinery  
  156  23:28  Medivac  
  156  23:32  Marine  
  156  23:33  Marine  
  160  23:44  Medivac x2  
  160  23:45  Marine  
  168  23:52  Viking x2, Marine  
  168  23:53  Marine x2  
  168  23:55  Marine  
  172  23:59  Marine x2  
  172  24:01  SCV x2  
  177  24:08  Viking  
  177  24:10  Viking  
  177  24:12  Viking  
  181  24:22  Viking x2, Marine  
  186  24:31  Viking  
  186  24:34  Orbital Command  
  186  24:38  Viking  
  181  24:39  Viking  
  181  24:40  Viking  
  185  24:49  Refinery  
  185  24:50  SCV x2  
  187  24:54  SCV  
  188  25:02  SCV x2  
  188  25:05  SCV  
  188  25:06  SCV  
  192  25:12  Viking  
  194  25:14  SCV  
  194  25:17  SCV  
  194  25:18  Viking, SCV  
  200  25:26  SCV  
  200  25:27  Planetary Fortress  
  194  26:00  Marine  
  194  26:01  Marauder  
Show
View Real Time Build Order
Export as new Build Order

Rob Protoss - Winner!

Build Orders: 1 Gate Expand, Oracle Opening, Blink Stalkers 

Get SALT Encoding   

  12  0:00  Probe  
  13  0:12  Probe  
  14  0:20  Pylon  
  14  0:24  Probe  
  15  0:34  Probe  
  15  0:42  Probe  
  16  0:44  Gateway  
  17  0:51  Assimilator  
  17  0:53  Probe  
  18  1:05  Probe  
  19  1:17  Probe  
  20  1:25  Nexus  
  20  1:35  Cybernetics Core  
  20  1:38  Probe  
  21  1:45  Assimilator  
  21  1:50  Probe  
  22  1:55  Pylon  
  22  2:03  Probe, Adept  
  23  2:13  Warp Gate  
  23  2:15  Probe  
  26  2:23  Probe  
  27  2:33  Stalker  
  29  2:37  Probe  
  29  2:42  Probe  
  31  2:51  Probe  
  31  2:52  Probe  
  31  2:56  Stargate  
  33  3:00  Probe  
  33  3:02  Probe  
  33  3:04  Stalker  
  37  3:09  Probe  
  37  3:10  Probe  
  38  3:15  Pylon  
  38  3:18  Probe  
  39  3:21  Probe  
  41  3:30  Oracle, Probe  
  41  3:33  Probe  
  41  3:34  Twilight Council  
  46  3:42  Probe  
  46  3:45  Probe  
  46  3:46  Pylon  
  48  3:59  Blink  
  46  4:04  Probe x2  
  46  4:07  Gateway  
  46  4:09  Gateway  
  48  4:16  Forge, Probe x2  
  50  4:28  Nexus  
  50  4:31  Pylon  
  50  4:32  Probe x2  
  52  4:40  Assimilator  
  52  4:44  Probe x2  
  54  4:46  Protoss Ground Weapons Level 1  
  54  4:56  Probe  
  55  5:00  Probe  
  55  5:04  Stalker  
  55  5:05  Stalker x2  
  62  5:07  Pylon  
  62  5:08  Probe  
  62  5:12  Probe  
  64  5:17  Gateway  
  64  5:19  Gateway  
  64  5:20  Probe  
  65  5:24  Probe  
  65  5:28  Gateway x2  
  66  5:33  Probe  
  67  5:36  Probe, Pylon  
  67  5:41  Probe  
  69  5:45  Probe  
  69  5:46  Charge  
  69  5:48  Probe  
  71  5:52  Stalker x3  
  71  5:53  Oracle  
  71  5:55  Probe  
  78  5:57  Probe  
  78  6:02  Robotics Facility  
  79  6:11  Assimilator, Probe  
  80  6:22  Stalker  
  80  6:23  Stalker x3  
  80  6:25  Stalker  
  90  6:26  Zealot  
  90  6:27  Zealot  
  90  6:29  Pylon  
  90  6:31  Pylon  
  94  6:34  Probe x3  
  97  6:45  Assimilator, Pylon  
  97  6:49  Assimilator  
  97  6:55  Zealot x7  
  111  7:07  Probe x2  
  113  7:11  Robotics Bay  
  113  7:14  Robotics Facility  
  113  7:18  Protoss Ground Armor Level 1  
  113  7:20  Zealot x6  
  125  7:23  Pylon  
  125  7:24  Pylon  
  125  7:30  Pylon  
  125  7:31  Pylon  
  125  7:34  Forge  
  125  7:36  Immortal  
  125  7:47  Colossus  
  125  7:51  Probe x2  
  131  8:00  Colossus  
  131  8:01  Nexus  
  131  8:03  Extended Thermal Lance  
  137  8:13  Pylon  
  141  8:30  Colossus  
  141  8:31  Protoss Ground Weapons Level 2  
  141  8:36  Pylon  
  147  8:51  Pylon  
  147  8:53  Stalker x4  
  147  8:54  Stargate, Fleet Beacon  
  153  8:59  Colossus, Pylon  
  153  9:00  Pylon  
  153  9:12  Protoss Ground Armor Level 2, Probe x3  
  162  9:20  Colossus, Probe  
  162  9:24  Probe x2  
  171  9:32  Probe  
  172  9:39  Pylon  
  172  9:41  Tempest  
  177  9:49  Pylon  
  177  9:51  Pylon  
  177  9:56  Tempest  
  182  10:01  Assimilator  
  182  10:02  Assimilator  
  182  10:05  Probe x4, Pylon  
  186  10:07  Shield Battery  
  186  10:08  Shield Battery  
  186  10:10  Shield Battery  
  186  10:12  Photon Cannon  
  186  10:16  Photon Cannon  
  186  10:17  Photon Cannon x2  
  186  10:23  Mothership  
  186  10:24  Photon Cannon x2  
  186  10:28  Pylon  
  186  10:29  Templar Archives  
  186  10:34  Tempest  
  191  10:49  Stalker x2  
  200  11:04  Pylon  
  200  11:05  Pylon  
  200  11:14  Protoss Ground Weapons Level 3  
  196  11:21  Tempest  
  196  11:22  Tempest  
  184  11:27  Zealot x7  
  191  11:38  Gateway  
  191  11:39  Gateway  
  194  11:42  Gateway x2  
  194  11:45  Protoss Ground Armor Level 3  
  194  11:49  Cybernetics Core  
  180  11:57  Stalker x7  
  180  11:59  Protoss Air Weapons Level 1  
  194  12:12  Disruptor x2  
  200  12:33  Zealot x8  
  121  12:44  Stalker x3  
  113  12:57  Tempest x2  
  123  13:01  Stargate  
  123  13:02  Nexus  
  123  13:04  Stargate  
  123  13:05  Stargate  
  123  13:06  Colossus x2  
  124  13:13  Mothership  
  143  13:33  High Templar x2  
  143  13:34  High Templar x2  
  149  13:35  Tempest  
  149  13:36  Stalker x2  
  149  13:37  Archon  
  149  13:38  Archon  
  155  13:44  Tempest  
  160  13:52  Tempest  
  170  14:03  Pylon  
  170  14:05  Colossus  
  176  14:12  Tempest x2  
  186  14:29  Pylon  
  186  14:33  Photon Cannon  
  186  14:34  High Templar, Photon Cannon  
  186  14:35  High Templar  
  186  14:36  Photon Cannon  
  183  14:58  Assimilator, Carrier x2  
  195  15:02  Assimilator  
  195  15:03  Protoss Shields Level 1  
  195  15:05  Photon Cannon  
  195  15:06  Photon Cannon  
  195  15:07  Photon Cannon  
  192  15:17  Zealot  
  192  15:18  Zealot x3  
  198  15:47  Gateway  
  198  15:48  Gateway  
  198  15:49  Nexus, Gateway  
  198  15:50  Nexus  
  198  15:53  Gateway x2  
  198  15:54  Pylon  
  197  16:16  Protoss Air Weapons Level 2  
  195  16:19  Protoss Air Armor Level 1  
  170  16:41  Zealot x9  
  170  16:46  Stalker x5  
  139  17:07  Stalker x3  
  141  17:17  High Templar x13  
  141  17:21  Archon x5  
  141  17:22  Archon  
  167  17:24  Probe x3, Tempest  
  167  17:25  Probe x2, Tempest x2  
  172  17:30  Assimilator  
  172  17:36  Assimilator  
  187  17:40  Colossus x2  
  187  17:47  Psionic Storm  
  199  17:54  Pylon  
  199  17:59  Pylon  
  199  18:15  Gateway  
  199  18:18  Gateway  
  199  18:20  Gateway  
  199  18:21  Photon Cannon  
  199  18:23  Shield Battery  
  199  18:26  Photon Cannon  
  199  18:46  Protoss Shields Level 2  
  199  18:47  Protoss Air Armor Level 2  
  199  18:50  Protoss Air Weapons Level 3  
  179  19:12  High Templar x2  
  181  19:18  Zealot x4  
  181  19:19  Zealot x2  
  130  19:42  Stalker x12  
  130  19:43  Stalker x5  
  130  19:45  Colossus x2  
  166  20:00  Nexus  
  140  20:34  Stalker x9  
  140  20:35  Stalker, Zealot x4, Tempest x4  
  156  20:36  Zealot x3  
  186  20:57  Zealot x4  
  194  21:15  Tempest  
  165  21:44  Zealot x9  
  165  21:45  Tempest x3  
  194  21:47  High Templar x3  
  194  21:51  Assimilator  
  194  21:53  Assimilator  
  200  22:08  Protoss Air Armor Level 3  
  200  22:14  Photon Cannon  
  200  22:19  Nexus  
  200  22:24  Photon Cannon x2  
  182  22:41  High Templar  
  182  22:42  High Templar  
  182  22:44  Tempest x3  
  182  22:46  Zealot  
  193  23:12  Assimilator  
  188  23:15  Pylon  
  188  23:17  Archon  
  188  23:19  Assimilator  
  188  23:20  Protoss Shields Level 3  
  188  23:35  Nexus  
  188  23:37  Pylon  
  198  23:57  Carrier x2  
  196  24:24  Tempest  
  191  24:40  Assimilator  
  191  24:44  Assimilator  
  189  24:51  Gateway  
  189  24:52  Gateway  
  189  24:53  Gateway  
  189  24:55  Gateway  
  189  24:58  Gateway  
  189  24:59  Gateway  
  189  25:02  Gateway  
  189  25:04  Gateway  
  189  25:06  Gateway  
  189  25:14  Nexus  
  189  25:25  Nexus  
  189  25:26  Nexus  
  189  25:28  Nexus  
  182  25:58  Zealot x7  
  182  25:59  Zealot x2  
  194  26:09  Stalker x4  
  194  26:10  Stalker x6  
  194  26:11  Stalker x8  
  186  26:12  Stalker  
Tags
 
Add a new tag
Caveats
  • Supply blocks, unpowered buildings, or Contaminate may cause inaccurate times.
  • Supply counts are checked every 10 seconds.